 Dungeon Crawl Stone Soup version 0.31.0-9-g3a7656b989 (webtiles) character file.

Game seed: 445348609016631255

164 qw the Skirmisher (level 5, 0/29 HPs)
             Began as a Deep Elf Hunter on Feb 2, 2024.
             Slain by an orc
             ... wielding a +0 trident
              (5 damage)
             ... on level 4 of the Dungeon.
             The game lasted 00:00:13 (2757 turns).

qw the Skirmisher (Deep Elf Hunter)                 Turns: 2757, Time: 00:00:13

Health: 0/29       AC: 10    Str: 10    XL:     5   Next: 21%
Magic:  7/7        EV: 11    Int: 17    God:
Gold:   221        SH:  0    Dex: 18    Spells: 4/4 levels left

rFire   + + .        a - +0 shortbow
rCold   . . .        (shield currently unavailable)
rNeg    . . .        h - +0 ring mail
rPois   .            f - +2 helmet {Int+3}
rElec   .            (no cloak)
rCorr   .            g - +1 pair of gloves
SInv    .            (no boots)
Will    .....        e - amulet of faith
Stlth   +            d - ring of protection from fire
HPRegen 0.24/turn    k - ring of protection from fire
MPRegen 0.10/turn

%: faith
@: no status effects
A: no striking features
a: no special abilities


You were on level 4 of the Dungeon.
You visited 1 branch of the dungeon, and saw 4 of its levels.

You collected 221 gold pieces.


   Skills:
 - Level 1.5 Fighting
 + Level 8.7 Ranged Weapons
 - Level 2.4 Dodging
 - Level 1.2 Stealth


You had 4 spell levels left.
You didn't know any spells.
Your spell library was empty.

Inventory:

Hand Weapons
 a - a +0 shortbow (weapon)
Armour
 f - a +2 helmet of intelligence (worn)
 g - a +1 pair of gloves (worn)
 h - a +0 ring mail (worn)
Jewellery
 d - a ring of protection from fire (left hand)
 e - an amulet of faith (around neck)
 k - a ring of protection from fire (right hand)
 l - an amulet of regeneration
Scrolls
 b - 2 scrolls of teleportation
 c - a scroll of fear {unknown}
 n - a scroll of noise {unknown}
Potions
 i - a potion of mutation {unknown}
 j - a potion of haste {unknown}
 m - a potion of heal wounds {unknown}

Dungeon Overview and Level Annotations

Branches:
Dungeon (4/15)             Temple (0/1) D:4

Altars:

Annotations:
D:3 1 runed translucent door, qw's ghost, amateur SpHu
D:4 Dowan; Duvessa; Natasha


Message History

Natasha stares at you and mumbles some strange words.
The magic dart hits you. The kobold hits you but does no damage.
The gnoll bouda barks out a call to the hunt!
The gnoll picks up the pace!
You shoot an arrow. The arrow hits the kobold.
You kill the kobold!
Natasha casts a spell.
The cerulean imp hits you but does no damage.
The orc completely misses you. The cerulean imp barely misses you.
Enter note:
Enter note:
Enter note:
2753 ||| RETREEEEATING.
The orc barely misses you.
Natasha wildly gestures.
Natasha shimmers violently.
You shoot an arrow. The arrow closely misses the orc.
The arrow hits the gnoll bouda but does no damage.
The gnoll bouda is heavily wounded.
The orc misses you. The orc hits you but does no damage.
You shoot an arrow. The arrow hits the orc!
You kill the orc!
The orc barely misses you.
You shoot an arrow. The arrow hits Natasha!
Natasha is heavily wounded.
Your attacks no longer feel as feeble.
Natasha claws you but does no damage. The orc closely misses you.
The cerulean imp hits you from afar with a +1 spear.
Natasha claws you.
You shoot an arrow. The arrow barely misses Natasha.
The arrow hits the gnoll bouda.
The gnoll bouda is severely wounded.
The orc hits you but does no damage.
Dowan, Brother of Duvessa comes into view.
He is wielding a +0 dagger.
The gnoll bouda mumbles some strange prayers to its god.
The gnoll bouda is healed somewhat.
The gnoll completely misses you.
The cerulean imp hits you from afar with a +1 spear.
Natasha claws you but does no damage.
The orc hits you from afar with a +0 trident.
You die...

......... ....~..## ####
~~...~...######.~~.
..... ~~..~~~......#.7~~
.....##~~....~~.#.......
.........##.~~........~~
.....og..#~~~........#~~
..... #@~~~............#
....~.#h#...........##.#
....~~5g##?).........#..
....~..5g...!.#...#..##.
......#####g)##...##....
...... #..##.....##...
.....e #.##..#.#..##..
..... ..e...##.##.....
..... ......# ... #....


You could see Dowan, a gnoll bouda, Natasha, 2 gnolls, 2 cerulean imps and an
orc.

Vanquished Creatures
  A bombardier beetle (D:3)
  An iguana (D:4)
  2 adders
  3 dart slugs
  6 orcs
  5 bats
  7 endoplasms
  A giant cockroach (D:3)
  8 goblins
  6 hobgoblins
  2 jackals (D:1)
  5 kobolds
  A quokka (D:1)
  9 ball pythons
  A frilled lizard (D:3)
  6 rats
64 creatures vanquished.

Notes
Turn   | Place    | Note
-------+----------+-------------------------------------------
     0 | D:1      | qw the Deep Elf Hunter began the quest for the Orb.
     0 | D:1      | Reached XP level 1. HP: 12/12 MP: 3/3
     0 | D:1      | 0 ||| qw: Version: 0.3-a-155-g5e7d8dd
     0 | D:1      | 0 ||| qw: Game counter: 1779
     0 | D:1      | 0 ||| qw: Melee chars always use a shield: true
     0 | D:1      | 0 ||| qw: God list: Okawaru
     0 | D:1      | 0 ||| qw: Allow faded altars: false
     0 | D:1      | 0 ||| qw: Do Orc after clearing Dungeon:15 true
     0 | D:1      | 0 ||| qw: Do second Lair branch before Depths: true
     0 | D:1      | 0 ||| qw: Lair rune preference: random
     0 | D:1      | 0 ||| qw: Goals: Normal
     0 | D:1      | 0 ||| PLANNING D:1-11
   209 | D:1      | Reached XP level 2. HP: 11/16 MP: 4/4
   237 | D:1      | Reached skill level 6 in Ranged Weapons
   731 | D:1      | Reached XP level 3. HP: 17/20 MP: 5/5
   919 | D:1      | 919 ||| UPGRADING to +0 pair of gloves.
   924 | D:1      | 924 ||| UPGRADING to amulet of faith.
   929 | D:1      | 929 ||| DROPPING amulet of magic regeneration.
   930 | D:1      | 930 ||| READING scroll labelled LEEL CITTE.
   930 | D:1      | 930 ||| ENCHANTING +0 pair of gloves.
   931 | D:1      | 931 ||| READING scroll labelled RIWNAGAUNEL.
   932 | D:1      | 932 ||| READING scroll labelled WAMIMAPHAA.
   933 | D:1      | 933 ||| DROPPING scroll of butterflies.
  1601 | D:2      | 1601 ||| UPGRADING to +2 helmet of intelligence.
  1606 | D:2      | 1606 ||| UPGRADING to ring of protection from fire.
  1607 | D:2      | 1607 ||| DROPPING +6 ring of intelligence.
  1608 | D:2      | 1608 ||| READING scroll labelled RUTOAM OLUHO.
  1610 | D:2      | 1610 ||| Stepping ~*~*~tactically~*~*~ (cloud).
  1615 | D:2      | HP: 5/20 [poisoned by you (poison gas)]
  1736 | D:3      | Reached skill level 7 in Ranged Weapons
  1974 | D:3      | Reached XP level 4. HP: 25/25 MP: 6/6
  1991 | D:3      | Reached skill level 8 in Ranged Weapons
  2134 | D:3      | Found a runed translucent door.
  2138 | D:3      | Noticed a bullfrog
  2139 | D:3      | Noticed qw's ghost (amateur SpHu)
  2319 | D:3      | 2319 ||| UPGRADING to +0 ring mail.
  2329 | D:3      | 2329 ||| DROPPING +0 leather armour.
  2330 | D:3      | 2330 ||| UPGRADING to ring of protection from fire.
  2331 | D:3      | 2331 ||| READING 2 scrolls labelled KOISCHA EH NUA.
  2374 | D:4      | 2374 ||| PLANNING OSSUARY
  2388 | D:4      | Reached XP level 5. HP: 12/29 MP: 7/7
  2722 | D:4      | Found a staircase to the Ecumenical Temple.
  2736 | D:4      | Noticed Duvessa
  2737 | D:4      | 2737 ||| RETREEEEATING.
  2738 | D:4      | 2738 ||| RETREEEEATING.
  2741 | D:4      | 2741 ||| RETREEEEATING.
  2744 | D:4      | 2744 ||| RETREEEEATING.
  2745 | D:4      | 2745 ||| RETREEEEATING.
  2746 | D:4      | 2746 ||| RETREEEEATING.
  2746 | D:4      | Noticed Natasha
  2747 | D:4      | 2747 ||| RETREEEEATING.
  2753 | D:4      | 2753 ||| RETREEEEATING.
  2757 | D:4      | Noticed Dowan
  2757 | D:4      | HP: 5/29 [cerulean imp/+1 spear[Natasha] (4)]
  2757 | D:4      | Slain by an orc

Levels and vault maps discovered:
D:1:      moated_graveyard_arrival, layout_loops_corners, minivault_14,
          chequers_serial_rivers_large_b
D:2:      minmay_spotlight, layout_basic, minmay_pentomino_s4
D:3:      layout_loops_ring, ebering_ghost_sewer_d, minmay_misc_feat_pillars
D:4:      layout_rooms, lemuel_round_altar, minmay_temple_entry_waves,
          nicolae_ossuary_entry_ruins, serial_rivers,
          chequers_serial_rivers_room_b, chequers_serial_rivers_small_b,
          chequers_serial_rivers_small_b, chequers_serial_rivers_marsh,
          dk_vineyard_3, minmay_bent, uniq_natasha, uniq_duvessa

Skill      XL: |  1  2  3  4 |
---------------+-------------+-----
Ranged Weapons | 6 7 8 |  8.7
Fighting       | |  1.5
Dodging        | |  2.4
Stealth        | |  1.2

Action                     |  1- 3 |  4- 6 || total
---------------------------+-------+-------++-------
   Fire: Shortbow          |   113 |    60 ||   173
    Use: Scroll            |     4 |     1 ||     5
 Armour: Leather armour    |    12 |     3 ||    15
         Ring mail         |       |    26 ||    26
  Dodge: Dodged            |    17 |    22 ||    39

Table legend:
 A = Non-vault XP
 B = Vault XP
 C = Vault XP percentage of total XP
 D = Non-vault monster count
 E = Vault monster count
 F = Vault count percentage of total count
                 A         B        C        D         E       F
            +---------+---------+-------+---------+---------+-------
      Total |     225 |      10 |   4.3 |      60 |       4 |   6.2
            +---------+---------+-------+---------+---------+-------
        D:1 |      44 |       0 |   0.0 |      23 |       0 |   0.0
        D:2 |       8 |      10 |  55.6 |       5 |       4 |  44.4
        D:3 |     100 |       0 |   0.0 |      21 |       0 |   0.0
        D:4 |      73 |       0 |   0.0 |      11 |       0 |   0.0
            +---------+---------+-------+---------+---------+-------
